 Seeded DCSS version 0.31-a0-217-g58bb5d7 (webtiles) character file.

Game seed: 1306998998841253564 (custom seed)

185 brinewave the Shooter (level 5, 0/40 HPs)
             Began as a Djinni Hunter on July 2, 2023.
             Slain by an iguana (10 damage)
             ... on level 4 of the Dungeon.
             The game lasted 00:13:46 (3323 turns).

brinewave the Shooter (Djinni Hunter)               Turns: 3323, Time: 00:13:46

Health: 0/40       AC:  3    Str: 10    XL:     5   Next: 96%
Gold:   116        EV: 13    Int: 11    God:
                   SH:  0    Dex: 18

rFire   + + .        a - +0 shortbow
rCold   x . .        (shield currently unavailable)
rNeg    . . .        c - +0 leather armour
rPois   ∞            (no helmet)
rElec   .            (no cloak)
rCorr   .            (no gloves)
SInv    .            (boots unavailable)
Will    .....        (no amulet)
Stlth   ++           (no ring)
HPRegen 0.26/turn    (no ring)
MPRegen 0.00/turn

%: infuse magic (-1 HP)
@: flying
A: sickness immunity, fire resistance 2, cold vulnerability 1, float, innate
caster, HP casting, extra vitality 1
a: no special abilities


You were on level 4 of the Dungeon.
You visited 1 branch of the dungeon, and saw 5 of its levels.

You collected 116 gold pieces.

Inventory:

Hand Weapons
 a - a +0 shortbow (weapon)
 e - a +0 mace
 j - a +0 short sword
Armour
 c - a +0 leather armour (worn)
 d - a +0 scale mail
 l - a +0 ring mail
Magical Staves
 f - a staff of earth
 m - a staff of conjuration
Wands
 r - a wand of acid (10)
Scrolls
 b - a scroll of butterflies
 g - a scroll of poison {unknown}
 h - a scroll of acquirement {unknown}
 i - 2 scrolls of teleportation
 o - a scroll of noise {unknown}
 q - a scroll of amnesia {unknown}
 s - a scroll of immolation {unknown}
Potions
 k - 5 potions of enlightenment
 n - 3 potions of might
 p - a potion of cancellation


   Skills:
 + Level 3.4 Fighting
 - Level 1.1 Short Blades
 + Level 4.1 Ranged Weapons
 + Level 3.8 Dodging
 - Level 0.7 Stealth


You knew the following spells:

 Your Spells              Type           Power      Damage    Failure   Level
a - Necrotise             Necr           0%         1d4       43%         1
b - Lesser Beckoning      Tloc           0%         N/A       58%         2
Your spell library was empty.

Dungeon Overview and Level Annotations

Branches:
Dungeon (5/15)
 Temple: D:4-7

Altars:

Shops:
D:4 (


Innate Abilities, Weirdness & Mutations

You are immune to sickness and miasma.
You are immune to poison.
Your flesh is very heat resistant. (rF++)
You are vulnerable to cold. (rC-)
You float through the air rather than walking.
You learn spells naturally, not from books.
Your magical power is your life essence.
You have superior vitality. (+4 MHP)


Message History

The adder misses you. The adder closely misses you.
Fire: a) +0 shortbow
Press: ? - help, Q - select action, (/) - cycle Shift-Dir - straight line, f/p - adder
Aim: an adder (48% to hit)
You shoot an arrow. The arrow misses the adder.
The adder closely misses you. The adder bites you.
* * * LOW HITPOINT WARNING * * *
Fire: a) +0 shortbow
Press: ? - help, Q - select action, (/) - cycle Shift-Dir - straight line, f/p - adder
Aim: an adder (48% to hit)
You shoot an arrow. The arrow hits the adder!
The adder is severely wounded.
The adder bites you.
* * * LOW HITPOINT WARNING * * *
Okay, then.
Okay, then.
Okay, then.
Fire: a) +0 shortbow
Press: ? - help, Q - select action, (/) - cycle Shift-Dir - straight line, f/p - adder
Aim: an adder (severely wounded, 48% to hit)
You shoot an arrow. The arrow hits the adder.
You kill the adder!
You start resting.
HP restored.
You fly upwards.
The iguana barely misses you.
There is a stone staircase leading down here.
Fire: a) +0 shortbow
Press: ? - help, Q - select action, (/) - cycle Shift-Dir - straight line, f - iguana
Aim: an iguana (68% to hit)
You shoot an arrow. The arrow closely misses the iguana.
The iguana bites you!
Fire: a) +0 shortbow
Press: ? - help, Q - select action, (/) - cycle Shift-Dir - straight line, f/p - iguana
Aim: an iguana (68% to hit)
You shoot an arrow. The arrow hits the iguana.
The iguana is lightly wounded.
The iguana bites you! x2
* * * LOW HITPOINT WARNING * * *
The iguana attacks as you move away! The iguana bites you!
You die...

#.##......#
#......
.....#...###
#......
##.#.#.###
#..#.## #...#
#..#... .###
#..## #.o#### ...
#.
...#####..#####
#o{.... ... #.
#......[.....#
####.###. .... #.
#.###...####.#
#.....##. .....#.
#.###.#@#
#.....#.. ...#∩
#..##.#l#
#.....#.. ...
#.....#.#
#.....<†.
#$###.###.#.>##.#
#....†...
#...............#
#........
#........###.####
#......#.
..........# #.#
#.....##.
#.#.##.#### #.#
#.....# . . # #.
#.# #.....#


You could see an iguana.

Vanquished Creatures
  Natasha (thrice) (D:2)
  3 gnolls (D:2)
  3 adders
  2 worms (D:2)
  2 dart slugs
  3 orcs
  6 ball pythons
  4 bats
  2 endoplasms
  2 giant cockroaches
  4 hobgoblins
  2 jackals (D:1)
  2 quokkas
  2 frilled lizards
  4 goblins
  3 kobolds (D:2)
  4 rats
51 creatures vanquished.

Notes
Turn   | Place    | Note
-------+----------+-------------------------------------------
     0 | D:1      | brinewave the Djinni Hunter began the quest for the Orb.
     0 | D:1      | Reached XP level 1. HP: 18/18 MP: 0/0
    63 | D:1      | Found a faded altar of an unknown god.
   454 | D:1      | Reached XP level 2. HP: 23/23 MP: 0/0
   654 | D:2      | Noticed Natasha
   669 | D:2      | Killed Natasha
   670 | D:2      | Reached skill level 1 in Short Blades
   670 | D:2      | Reached XP level 3. HP: 17/29 MP: 0/0
   670 | D:2      | Learned a level 1 spell: Necrotise
   887 | D:2      | Noticed Natasha
   893 | D:2      | Killed Natasha
   894 | D:2      | Reached XP level 4. HP: 21/34 MP: 0/0
  1156 | D:3      | Reached XP level 5. HP: 37/40 MP: 0/0
  1156 | D:3      | Learned a level 2 spell: Lesser Beckoning
  1447 | D:2      | Noticed Natasha
  1460 | D:2      | Killed Natasha
  1824 | D:2      | Reached skill level 4 in Ranged Weapons
  1832 | D:2      | HP: 2/40 [gnoll/+0 flail (3)]
  3143 | D:4      | Found Piguogaj's Antique Weapon Shoppe.
  3159 | D:5      | Entered Level 5 of the Dungeon
  3165 | D:5      | HP: 1/40 [adder (4)]
  3323 | D:4      | Slain by an iguana

Illustrated notes

Levels and vault maps discovered:
D:1:      saegor_arrival_simple_c, layout_basic, basic_ecumenical_altar
D:2:      layout_basic, uniq_natasha
D:3:      wad_crossroads, layout_loops_ring, mainiacjoe_overflow_paths
D:4:      layout_basic, serial_shops, shop, nicolae_book_shop_shelving,
          uniq_blork_the_orc
D:5:      layout_gridville, old_standard_altar, minmay_temple_entry_junction,
          hangedman_abyss_or_decor_stabs

Skill      XL: |  1  2  3  4  5 |
---------------+----------------+-----
Short Blades   | 1 |  1.1
Dodging        | 3 |  3.8
Fighting       | 3 |  3.4
Ranged Weapons | 4 |  4.1
Stealth        | |  0.7

Action                     |  1- 3 |  4- 6 || total
---------------------------+-------+-------++-------
  Melee: Shortbow          |       |     1 ||     1
   Fire: Shortbow          |    78 |   142 ||   220
    Use: Scroll            |     3 |     3 ||     6
         Potion            |       |     1 ||     1
 Armour: Leather armour    |     5 |    16 ||    21
  Dodge: Dodged            |    27 |    69 ||    96

Table legend: (Time is in decaauts)
 A = Elapsed time spent in this place.
 B = Non-inter-level travel time spent in this place.
 C = Inter-level travel time spent in this place.
 D = Time resting spent in this place.
 E = Time spent auto-exploring this place.
 F = Levels seen in this place.
 G = Mean time per level.
                   A        B        C        D        E       F      G
               +--------+--------+--------+--------+--------+-----+--------+
         Total |   3380 |   3210 |    170 |    640 |   1852 |   5 |  676.0 |
       Dungeon |   3380 |   3210 |    170 |    640 |   1852 |   5 |  676.0 |
               +--------+--------+--------+--------+--------+-----+--------+

Top non-repeatable levels by time:
     D:3: 1280 daAuts
     D:2: 1137 daAuts
     D:1: 547 daAuts
     D:4: 257 daAuts
     D:5: 156 daAuts
